 Dungeon Crawl Stone Soup version 0.31-a0-859-g9dce7d3444 (webtiles) character file.

Game seed: 12955418574025336957

1157 Dirtsage the Changeling (level 8, -1/76 HPs)
             Began as an Octopode Shapeshifter on Oct 9, 2023.
             Slain by a water moccasin (2 damage)
             ... on level 5 of the Dungeon.
             The game lasted 00:09:11 (3935 turns).

Dirtsage the Changeling (Octopode Shapeshifter)     Turns: 3935, Time: 00:09:12

Health: -1/76      AC: 28    Str: 15    XL:     8   Next: 39%
Magic:  8/8        EV:  2    Int: 22    God:
Gold:   218        SH:  0    Dex: 14    Spells: 7/7 levels left

rFire   . .          .
                       - Unarmed
rCold   . . .        (no shield)
rNeg    . . .        (helmet currently unavailable)
rPois   +            u - amulet "Ratakul" {Faith Int+4 Dex+2}
rElec   .            h - +6 ring of intelligence
rCorr   .            n - +4 ring of protection
SInv    .            (no ring)
Will    .....        (no ring)
Stlth   +            (no ring)
HPRegen 0.32/turn    (no ring)
MPRegen 0.11/turn    (no ring)
                     (no ring)

%: faith
@: tree-form, studying Short Blades, invisible
A: stationary, stasis, torment immunity, boosted hp, almost no armour,
(amphibious), 8 rings, (camouflage 1), (gelatinous body 1), (nimble swimmer 1),
(tentacles)
a: no special abilities


You were on level 5 of the Dungeon.
You were a tree.
You visited 2 branches of the dungeon, and saw 6 of its levels.

You collected 218 gold pieces.

Inventory:

Missiles
 w - a throwing net
Jewellery
 h - a +6 ring of intelligence (left branch)
 n - a +4 ring of protection (right branch)
 u - the amulet "Ratakul" (around neck) {Faith Int+4 Dex+2}
   (You found it on level 3 of the Dungeon)

   [amulet of faith]

   Faith:     It allows you to gain divine favour quickly.
   Int+4:     It affects your intelligence (+4).
   Dex+2:     It affects your dexterity (+2).
Talismans
 b - a beast talisman
 c - a flux talisman
 v - a serpent talisman
Wands
 i - a wand of polymorph (9)
 x - a wand of mindburst (8)
Scrolls
 d - 2 scrolls of poison
 f - 2 scrolls of noise
 k - a scroll of silence
 l - a scroll of enchant armour
 m - a scroll of butterflies
 o - a scroll of enchant weapon
 q - 3 scrolls of fear {unknown}
 t - 3 scrolls of teleportation
Potions
 a - a potion of lignification
 e - 2 potions of attraction {unknown}
 g - 2 potions of curing {unknown}
 j - 2 potions of heal wounds {unknown}
 p - a potion of invisibility
 r - a potion of might {unknown}
 s - 2 potions of haste {unknown}


   Skills:
 - Level 2.7 Fighting
 - Level 2.0 Dodging
 - Level 6.3 Unarmed Combat
 - Level 0.2 Evocations
 * Level 7.4 Shapeshifting


You had 7 spell levels left.
You didn't know any spells.
Your spell library contained the following spells:

 Spells                   Type           Power      Damage    Failure   Level
 Apportation              Tloc           0%         N/A       17%         1
 Kiss of Death            Conj/Necr      0%         2d5       17%         1
 Necrotise                Necr           0%         1d4       17%         1
 Summon Small Mammal      Summ           0%         N/A       17%         1
 Call Canine Familiar     Summ           0%         N/A       45%         3
 Confusing Touch          Hex            0%         N/A       45%         3
 Summon Guardian Golem    Hex/Summ       0%         N/A       45%         3
 Dispel Undead            Necr           0%         3d6       86%         4
 Arcjolt                  Conj/Air       0%         1d10      99%         5
 Freezing Cloud           Conj/Ice/Air   0%         6-21      99%         5
 Orb of Destruction       Conj           0%         9d5       100%        7


Dungeon Overview and Level Annotations

Branches:
Dungeon (5/15)             Temple (1/1) D:4

Altars:
Cheibriados
Elyvilon
Fedhas
Gozag
Nemelex Xobeh
Okawaru
Qazlal
Trog
Vehumet
Yredelemnul
Zin
The Shining One


Innate Abilities, Weirdness & Mutations

You are a tree.
Your roots penetrate the ground, keeping you stationary.
You cannot be teleported.
You are immune to unholy pain and torment.
Your maximum health is greatly increased.
You cannot wear most types of armour.
((You are amphibious.))
You can wear up to eight rings at the same time.
((Your skin changes colour to match your surroundings (Stealth+).))
((Your rubbery body absorbs attacks. (AC +1, EV +1)))
((You are camouflaged when in or above water. (Stealth+)))
((You have tentacles for arms and can constrict up to eight enemies at once.))


Message History

The ice beast hits you but does no damage.
You take 1 damage, and have 9/76 hp.
You smack the ice beast!
The ice beast is severely wounded.
You feel sick.
The ice beast hits you but does no damage.
You take 2 damage, and have 7/76 hp.
You barely miss the ice beast.
The ice beast is severely wounded.
You feel sick.
The ice beast hits you but does no damage.
You smack the ice beast!
You kill the ice beast!
You feel sick.
The water moccasin bites you but does no damage.
You take 1 damage, and have 6/76 hp.
You miss the water moccasin.
The water moccasin is moderately wounded.
You feel sick.
The water moccasin bites you but does no damage.
You take 1 damage, and have 5/76 hp.
You catch the helpless water moccasin completely off-guard!
You smack the water moccasin!
The water moccasin is almost dead.
The water moccasin bites you.
* * * LOW HITPOINT WARNING * * *
You take 2 damage, and have 3/76 hp.
You barely miss the water moccasin.
The water moccasin is almost dead.
* * * LOW HITPOINT WARNING * * *
You feel sick.
The water moccasin bites you but does no damage.
You take 1 damage, and have 2/76 hp.
You barely miss the water moccasin.
The water moccasin is almost dead.
* * * LOW HITPOINT WARNING * * *
You feel sick.
You are no longer poisoned.
The water moccasin bites you.
You die...

#......†###...# #
..#####.#.....# #.
##.........# ####.####
####..#)>####.. ........#
............##. ........#
##..........### .........
#..........#
........#####..........###
...)....S♣.##.............
........##..#..........###
.......<###.>##....#####
......... ##.##.####
#.###..#.. #.#..# # ##+
#+##+####


You could see a water moccasin (unable to see you).

Vanquished Creatures
  Sigmund (D:3)
  An ice beast (D:5)
  A black bear (D:5)
  2 ogres (D:5)
  A bullfrog (D:4)
  3 scorpions
  2 orc priests
  Jessica (D:2)
  3 iguanas
  3 orc wizards (D:4)
  Terence (D:3)
  4 adders
  An ufetubus (D:4)
  2 adder skeletons (D:2)
  3 worms
  A dart slug (D:1)
  10 orcs
  9 ball pythons
  2 bat zombies (D:2)
  6 endoplasms
  3 giant cockroaches
  9 goblins
  8 hobgoblins
  4 jackals (D:3)
  12 kobolds
  3 quokkas
  2 ball python skeletons (D:2)
  3 bats
  4 frilled lizards
  2 quokka skeletons (D:2)
  5 rats
112 creatures vanquished.

Notes
Turn   | Place    | Note
-------+----------+-------------------------------------------
     0 | D:1      | Dirtsage the Octopode Shapeshifter began the quest for the
                  | Orb.
     0 | D:1      | Reached XP level 1. HP: 13/13 MP: 1/1
    99 | D:1      | Reached XP level 2. HP: 18/18 MP: 2/2
   809 | D:2      | Reached XP level 3. HP: 20/23 MP: 3/3
   971 | D:2      | Noticed Jessica
   975 | D:2      | Killed Jessica
   976 | D:2      | Reached XP level 4. HP: 20/28 MP: 4/4
  1323 | D:2      | Reached skill level 4 in Shapeshifting
  1898 | D:3      | Found a stormy altar of Qazlal.
  1981 | D:3      | Found a glowing golden altar of the Shining One.
  2017 | D:3      | Noticed Terence
  2026 | D:3      | Killed Terence
  2027 | D:3      | Reached XP level 5. HP: 29/33 MP: 5/5
  2033 | D:3      | Identified the amulet "Ratakul" {Faith Int+4 Dex+2}
  2360 | D:3      | Noticed Sigmund
  2369 | D:3      | Killed Sigmund
  2370 | D:3      | Reached XP level 6. HP: 28/39 MP: 6/6
  2528 | D:3      | Reached skill level 5 in Shapeshifting
  2533 | D:3      | Found an iron altar of Okawaru.
  2620 | D:4      | Reached skill level 5 in Unarmed Combat
  2880 | D:4      | Reached XP level 7. HP: 37/45 MP: 7/7
  3121 | D:4      | Found a staircase to the Ecumenical Temple.
  3275 | Temple   | Entered the Ecumenical Temple
  3460 | D:4      | Reached skill level 6 in Shapeshifting
  3532 | D:5      | Entered Level 5 of the Dungeon
  3659 | D:5      | Reached XP level 8. HP: 51/51 MP: 8/8
  3719 | D:5      | Got a rare book
  3742 | D:5      | Reached skill level 7 in Shapeshifting
  3933 | D:5      | HP: 3/76 [water moccasin (3)]
  3935 | D:5      | HP: 1/76 [poisoned by a water moccasin]
  3935 | D:5      | Slain by a water moccasin

Illustrated notes

Levels and vault maps discovered:
D:1:      minmay_arrival_four_circles, layout_basic
D:2:      layout_loops_corners, serial_undead, serial_undead_f, serial_undead_b,
          serial_undead_c, serial_undead_c, serial_undead_e, serial_undead_f,
          kennysheep_generic_room_6, uniq_jessica
D:3:      layout_basic, lemuel_tele_altar, okawaru_altar_gauntlet_db,
          mainiacjoe_overflow_six_doors_small, uniq_terence, uniq_sigmund
D:4:      minmay_skewed_foursquare, layout_cave_pools,
          minmay_temple_entry_proselytizer
D:5:      layout_rooms, mainiacjoe_overflow_24_doors, minmay_manual_monolith,
          uniq_blork_the_orc
Temple:   compressed_dpeg_triangle_lava_temple

Skill      XL: |  1  2  3  4  5  6  7  8 |
---------------+-------------------------+-----
Unarmed Combat | 4 5 6 |  6.3
Shapeshifting  | 4 5 6 7 |  7.4
Fighting       | 2 |  2.7
Dodging        | |  2.0
Evocations     | |  0.2

Action                     |  1- 3 |  4- 6 |  7- 9 || total
---------------------------+-------+-------+-------++-------
  Melee: Unarmed           |    55 |   109 |    65 ||   229
         Constrict         |    14 |    34 |    16 ||    64
         Tentacles         |    10 |    29 |     9 ||    48
         Punch             |     1 |     1 |     2 ||     4
  Throw: Throwing net      |       |     1 |       ||     1
  Evoke: Wand              |       |       |     2 ||     2
    Use: Scroll            |       |     7 |     1 ||     8
         Potion            |       |       |     2 ||     2
   Stab: Sleeping          |     7 |    10 |     2 ||    19
         Invisible         |       |       |     2 ||     2
 Armour: Skin              |    16 |    47 |    34 ||    97
  Dodge: Dodged            |    33 |    63 |    31 ||   127
   Form: Anaconda          |       |       |     1 ||     1

Table legend: (Time is in decaauts)
 A = Elapsed time spent in this place.
 B = Non-inter-level travel time spent in this place.
 C = Inter-level travel time spent in this place.
 D = Time resting spent in this place.
 E = Time spent auto-exploring this place.
 F = Levels seen in this place.
 G = Mean time per level.
                   A        B        C        D        E       F      G
               +--------+--------+--------+--------+--------+-----+--------+
         Total |   3913 |   3816 |     97 |    314 |   2828 |   6 |  652.2 |
       Dungeon |   3912 |   3815 |     97 |    314 |   2828 |   5 |  782.4 |
        Temple |      1 |      1 |      0 |      0 |      0 |   1 |    1.0 |
               +--------+--------+--------+--------+--------+-----+--------+

Top non-repeatable levels by time:
     D:2: 1063 daAuts
     D:3: 888 daAuts
     D:4: 800 daAuts
     D:1: 760 daAuts
     D:5: 399 daAuts
  Temple: 1 daAuts
